AoeStats
← kB_LTR

QS Arena

503302435Analyzed
4v4 RM · 1mo ago on Aug 31, 2026· 60m 46s· 8 players
Game mode
Random Map
Map size
Large (8 player)
Population
200
Speed
Normal
Resources
Standard
Victory
Conquest
Starting age
Dark Age
Ending age
Imperial Age
RankedLock teamsTeams togetherTeam positionsShared explorationLock speedFull tech treeHidden civsTurbo modeCheats
Victory
Defeat
🇲🇽 Shu · Mexico
1096
+14
🇦🇹 Burgundians · Austria
1094
+14
🇲🇽 Tatars · Mexico
973
+20
🇲🇽 Burmese · Mexico
929
+22
🇦🇷 Chinese · Argentina
1121
-20
🇦🇷 Lithuanians · Argentina
1078
-19
🇲🇽 Magyars · Mexico
1043
-17
🇦🇷 Romans · Argentina
984
-14
kB_LTR
0:28 Loom
10:56 Feudal Age
12:18 Wheelbarrow
17:10 Castle Age
15:38 Gold Mining
15:40 Stone Mining
17:08 Horse Collar
17:34 Scale Mail Armor
17:38 Town Watch
19:40 Pikeman
23:04 Hand Cart
25:07 Forging
24:49 Fletching
24:51 Man-at-Arms
25:32 Squires
25:17 Gambesons
26:03 Heavy Plow
26:07 Long Swordsman
28:24 Gold Shaft Mining
28:14 Arson
28:43 Caravan
33:54 Imperial Age
32:52 Iron Casting
32:33 Chain Mail Armor
32:24 Scale Barding Armor
33:56 Capped Ram
36:29 Chemistry
36:02 Conscription
37:01 Blast Furnace
36:32 Plate Mail Armor
37:03 Elite Skirmisher
39:46 Elite Battle Elephant
40:50 Howdah
44:12 Sanctity
43:14 Two-Handed Swordsman
44:51 Husbandry
45:01 Bloodlines
49:37 Manipur Cavalry
51:04 Halberdier
51:05 Champion
52:49 Bodkin Arrow
55:51 Siege Engineers
56:08 Ballistics
56:13 Bracer
56:13 Padded Archer Armor
55:53 Light Cavalry
56:37 Hussar
57:53 Murder Holes
58:09 Fortified Wall
Sebastián
8:38 Feudal Age
6:54 Loom
13:16 Castle Age
21:21 Scale Mail Armor
30:50 Imperial Age
28:57 Wheelbarrow
28:17 Gold Mining
28:15 Double-Bit Axe
29:16 Bow Saw
29:46 Gold Shaft Mining
30:18 Coiled Serpent Array
30:39 Fletching
30:51 Padded Archer Armor
30:15 Elite Skirmisher
32:05 Conscription
32:32 Ballistics
32:51 Leather Archer Armor
32:51 Forging
33:35 Masonry
33:42 Bodkin Arrow
35:09 Ring Archer Armor
37:00 Bracer
57:21 Crossbowman
58:07 Thumb Ring
58:16 Arbalester
Acinco51203
8:59 Feudal Age
10:56 Double-Bit Axe
14:38 Castle Age
12:22 Horse Collar
15:36 Wheelbarrow
16:10 Heavy Plow
16:25 Bow Saw
16:45 Gold Mining
21:07 Fletching
21:18 Padded Archer Armor
23:37 Silk Armor
24:05 Forging
30:59 Imperial Age
28:49 Bodkin Arrow
31:30 Ballistics
32:07 Gold Shaft Mining
32:13 Conscription
31:51 Elite Keshik
34:58 Chemistry
34:22 Bracer
34:58 Iron Casting
36:54 Heavy Cavalry Archer
37:59 Leather Archer Armor
42:55 Blast Furnace
42:01 Scale Barding Armor
45:03 Caravan
58:21 Chain Barding Armor
Chill It's A Game
8:24 Feudal Age
7:41 Horse Collar
8:10 Double-Bit Axe
13:52 Castle Age
12:29 Heavy Plow
12:49 Bow Saw
14:31 Loom
15:21 Wheelbarrow
14:31 Town Watch
15:42 Light Cavalry
16:48 Scale Barding Armor
17:05 Gold Mining
17:05 Stone Mining
21:00 Cavalier
21:40 Husbandry
21:54 Forging
26:14 Chain Barding Armor
26:29 Iron Casting
28:10 Caravan
28:40 Coinage
32:50 Imperial Age
31:54 Gold Shaft Mining
31:09 Stone Mining
33:29 Paladin
34:46 Plate Barding Armor
35:11 Blast Furnace
48:05 Fletching
49:16 Blast Furnace
48:48 Hussar
49:32 Bodkin Arrow
50:08 Ballistics
50:48 Chemistry
51:34 Bracer
51:55 Masonry
52:22 Hoardings
52:08 Conscription
RICARDONE ES SABALERO
0:38 Loom
8:21 Feudal Age
9:30 Double-Bit Axe
12:54 Castle Age
14:38 Horse Collar
15:36 Heavy Plow
17:12 Bow Saw
20:12 Wheelbarrow
20:37 Stone Mining
21:45 Hand Cart
22:18 Stone Shaft Mining
22:31 Town Watch
22:54 Gold Mining
24:16 Gold Shaft Mining
25:48 Fletching
25:58 Padded Archer Armor
26:34 Fortified Wall
29:04 Imperial Age
27:04 Ballistics
26:51 Bodkin Arrow
27:10 Masonry
27:35 Leather Archer Armor
28:16 Town Patrol
28:23 Scale Mail Armor
28:34 Forging
29:21 Murder Holes
30:12 Conscription
29:30 Elite Chu Ko Nu
29:32 Elite Fire Lancer
31:30 Chemistry
30:34 Bracer
31:04 Ring Archer Armor
31:09 Architecture
31:17 Chain Mail Armor
31:38 Iron Casting
32:11 Squires
31:58 Arson
32:45 Ring Archer Armor
33:58 Iron Casting
33:53 Plate Mail Armor
33:48 Bombard Tower
33:52 Guard Tower
34:48 Capped Ram
36:07 Siege Ram
39:57 Blast Furnace
40:50 Great Wall
44:38 Two-Man Saw
47:47 Keep
47:01 Arrowslits
47:42 Rocketry
52:44 Pikeman
53:38 Halberdier
gipsidanger
8:14 Feudal Age
7:55 Loom
14:47 Castle Age
13:45 Stone Mining
14:56 Double-Bit Axe
26:41 Pikeman
27:58 Wheelbarrow
28:55 Gold Mining
30:37 Scale Mail Armor
30:52 Squires
31:05 Forging
34:35 Imperial Age
32:06 Horse Collar
34:58 Scale Barding Armor
35:10 Chain Mail Armor
35:54 Hand Cart
37:03 Iron Casting
44:32 Bow Saw
48:56 Blast Furnace
47:22 Halberdier
Bet4
8:05 Loom
9:50 Feudal Age
14:12 Castle Age
15:28 Double-Bit Axe
18:02 Horse Collar
23:27 Crossbowman
25:26 Fletching
30:06 Gold Mining
30:34 Caravan
31:14 Heavy Plow
31:52 Wheelbarrow
32:50 Bow Saw
33:40 Forging
33:35 Scale Barding Armor
37:46 Iron Casting
38:53 Chain Barding Armor
42:45 Imperial Age
40:31 Hand Cart
42:55 Elite Leitis
44:22 Conscription
45:53 Two-Man Saw
45:27 Crop Rotation
46:29 Plate Barding Armor
Barbeituss
7:34 Feudal Age
12:31 Castle Age
16:17 Corvinian Army
17:00 Double-Bit Axe
18:39 Fervor
23:40 Wheelbarrow
23:54 Scale Barding Armor
27:31 Chain Barding Armor
28:52 Bow Saw
29:09 Horse Collar
30:03 Bloodlines
30:53 Fletching
35:05 Imperial Age
33:49 Bodkin Arrow
36:54 Hand Cart
Connection lost

Rejoining the realm…

Still unreachable

The connection could not be restored.

Session expired

The server has moved on; the page needs a fresh start.